[Event "Titled Tuesday Blitz October 25 Late 2022"]
[White "Aldokhin, Ivan"]
[Black "Yeletsky, Ivan"]
[WhiteFideId "24115720"]
[BlackFideId "24180327"]
[WhiteElo "2313"]
[BlackElo "2391"]
[Result "0-1"]
[Round "09"]
[TimeControl "180+1"]
[Date "2022.10.26"]
[WhiteClock "0:00:02"]
[BlackClock "0:00:13"]

1. e4 c5 2. Nf3 Nc6 3. d4 cxd4 4. Nxd4 e6 5. Nc3 Qc7 6. Be3 Nf6 7. f3 Bb4 8. Qd2 d5 9. a3 Bxc3 10. Qxc3 O-O 11. O-O-O dxe4 12. Nb5 Qb8 13. Bc5 Qf4+ 14. Kb1 Nd5 15. Qe1 a6 16. Bxf8 axb5 17. fxe4 Ne3 18. Rd3 Nxc2 19. Kxc2 Kxf8 20. Qg3 Qxe4 21. Qd6+ Ke8 22. Kc1 b4 23. Rg3 bxa3 24. Bb5 a2 25. Bxc6+ bxc6 26. Kd2 a1=Q 27. Rxa1 Rxa1 28. Rxg7 Qe1+ 29. Kc2 Qe2+ 30. Kb3 Qb5+ 31. Kc2 Qc4+ 32. Kd2 Qd5+ 33. Qxd5 cxd5 34. Rxh7 Ba6 35. Kc3 Rg1 36. g3 Rg2 37. b4 Ke7 38. Kd4 Bc4 39. Kc5 Rc2 40. b5 Bf1+ 41. Kd4 Rb2 42. h4 Rxb5 43. Ke5 Rb4 0-1


[Site "https://www.chess.com"]

[Event "Titled Tuesday Blitz October 25 Late 2022"]
[White "Almedina Ortiz, Edgardo J."]
[Black "Wieczorek, Zbigniew"]
[WhiteFideId "3100197"]
[BlackFideId "1102001"]
[WhiteElo "2217"]
[BlackElo "2351"]
[Result "0-1"]
[Round "09"]
[TimeControl "180+1"]
[Date "2022.10.26"]
[WhiteClock "0:00:01"]
[BlackClock "0:00:04"]

1. d4 d5 2. Bf4 e6 3. e3 Bd6 4. Bg3 Nf6 5. Nf3 c5 6. c3 O-O 7. Nbd2 Nc6 8. Bd3 Re8 9. Ne5 Bxe5 10. dxe5 Nd7 11. f4 c4 12. Bc2 Qb6 13. Bf2 Qxb2 14. Rc1 Nc5 15. O-O Qxa2 16. e4 Nd3 17. Ra1 Qb2 18. exd5 exd5 19. Bxd3 cxd3 20. c4 Be6 21. Rb1 Qc2 22. Rxb7 Na5 23. Rb5 Nxc4 24. Nf3 Rab8 25. Rxb8 Rxb8 26. Bxa7 Rb2 27. Qxc2 dxc2 28. Nd4 Ne3 29. Rc1 Bf5 30. Nxf5 Nxf5 31. Kf2 d4 32. Ke2 Ra2 0-1


[Site "https://www.chess.com"]

[Event "Titled Tuesday Blitz October 25 Late 2022"]
[White "Amburgy, Ryan"]
[Black "Leenhouts, Koen"]
[WhiteFideId "30924820"]
[BlackFideId "1008439"]
[WhiteElo "2121"]
[BlackElo "2409"]
[Result "1/2-1/2"]
[Round "09"]
[TimeControl "180+1"]
[Date "2022.10.26"]
[WhiteClock "0:00:15"]
[BlackClock "0:00:08"]

1. Nf3 Nf6 2. c4 g6 3. Nc3 d5 4. cxd5 Nxd5 5. h4 h6 6. e4 Nxc3 7. bxc3 Bg7 8. Bc4 O-O 9. O-O Bg4 10. Rb1 Nc6 11. d4 e5 12. Be3 exd4 13. cxd4 Bxf3 14. gxf3 Qxh4 15. Rxb7 Nxd4 16. Bxd4 Rad8 17. Bd5 Qg5+ 18. Kh1 Qh5+ 19. Kg1 Qg5+ 20. Kh1 Bxd4 21. Qxd4 Qh5+ 22. Kg1 Qg5+ 23. Kh1 Qh5+ 24. Kg2 Qg5+ 25. Kh2 c6 26. Qe3 Qxe3 27. fxe3 cxd5 28. exd5 Rxd5 29. Rxa7 Rb8 30. Rf2 Rg5 31. f4 Rg4 32. Rc2 Rb5 33. Kh3 Rg1 34. Kh2 Rg4 35. Kh3 Rg1 36. Rg2 Rh5+ 37. Kg3 Rxg2+ 38. Kxg2 Rb5 39. a4 Rb3 40. Kf3 h5 41. Rd7 Ra3 42. Rd4 Kg7 43. Rb4 f6 44. Rc4 g5 45. fxg5 fxg5 46. Kf2 Kg6 47. e4 g4 48. e5 Kf5 49. Kg2 h4 50. e6 Ra2+ 51. Kg1 Re2 52. a5 Rxe6 53. Ra4 Ra6 54. Kg2 Kg5 55. Kf2 Kf5 56. Ke3 Kg5 57. Kf2 h3 58. Kg3 Kf5 59. Rf4+ Ke5 60. Ra4 Kd5 61. Rxg4 Kc5 62. Kxh3 Rxa5 63. Rg5+ Kb4 64. Rxa5 Kxa5 1/2-1/2


[Site "https://www.chess.com"]

[Event "Titled Tuesday Blitz October 25 Late 2022"]
[White "Arabidze, Meri"]
[Black "Makarian, Rudik"]
[WhiteFideId "13604040"]
[BlackFideId "44105681"]
[WhiteElo "2403"]
[BlackElo "2405"]
[Result "0-1"]
[Round "09"]
[TimeControl "180+1"]
[Date "2022.10.26"]
[WhiteClock "0:00:03"]
[BlackClock "0:01:17"]

1. d4 Nf6 2. Nf3 c5 3. d5 b5 4. Bg5 g6 5. d6 Bg7 6. Nc3 Bb7 7. dxe7 Qxe7 8. Nxb5 O-O 9. Nc7 Bxf3 10. gxf3 Qe5 11. Nxa8 Qxg5 12. c3 Qe5 13. Qb3 Nc6 14. f4 Qxf4 15. Bg2 Rxa8 16. Rd1 Rb8 17. Qc2 d5 18. Bxd5 Nxd5 19. Rxd5 h5 20. Rxc5 Ne5 21. Rd5 Nf3+ 22. Kd1 Nxh2 23. Ke1 Ng4 24. Rf1 Qc4 25. Qd2 Rxb2 26. Rd8+ Kh7 0-1


[Site "https://www.chess.com"]

[Event "Titled Tuesday Blitz October 25 Late 2022"]
[White "Arbunic Castro, Giovanna"]
[Black "Kovacevic, Radmila"]
[WhiteFideId "3400549"]
[BlackFideId "933171"]
[WhiteElo "1903"]
[BlackElo "2208"]
[Result "0-1"]
[Round "09"]
[TimeControl "180+1"]
[Date "2022.10.26"]
[WhiteClock "0:01:05"]
[BlackClock "0:01:46"]

1. e4 e5 2. d4 exd4 3. Qxd4 Nc6 4. Qe3 Nf6 5. Nc3 Bb4 6. Bd2 O-O 7. O-O-O Re8 8. f3 d5 9. Qf2 dxe4 10. Bg5 Qe7 11. Nd5 Qe5 12. f4 Qxd5 13. Rxd5 Nxd5 14. Bc4 Be6 15. f5 e3 16. Qf1 Bd2+ 17. Kb1 Nc3+ 18. bxc3 Bxc4 19. Qxc4 Ne5 20. Qe2 c5 21. f6 Re6 22. fxg7 Rb6+ 0-1


[Site "https://www.chess.com"]

[Event "Titled Tuesday Blitz October 25 Late 2022"]
[White "Ashiku, Franc"]
[Black "Shapiro, Daniel"]
[WhiteFideId "4700066"]
[BlackFideId "2001780"]
[WhiteElo "2306"]
[BlackElo "2263"]
[Result "1-0"]
[Round "09"]
[TimeControl "180+1"]
[Date "2022.10.26"]
[WhiteClock "0:00:34"]
[BlackClock "0:00:01"]

1. d4 Nf6 2. c4 e6 3. Nf3 b6 4. g3 Ba6 5. b3 c6 6. Bg2 Bb4+ 7. Bd2 Be7 8. O-O d5 9. cxd5 cxd5 10. Ne5 Bb7 11. Nc3 Nc6 12. Nxc6 Bxc6 13. a3 a5 14. Qc2 Rc8 15. Qd3 Qd7 16. Rfc1 Qb7 17. Nb5 O-O 18. e3 Ne4 19. Be1 Nd6 20. a4 Qd7 21. Bf1 Nxb5 22. axb5 Bb7 23. Rcb1 Ra8 24. Ra2 g6 25. h4 h5 26. Be2 Kg7 27. Rba1 Rfb8 28. Bd1 Bd6 29. Bd2 Qe7 30. Ra4 Rc8 31. f4 Rc7 32. b4 Rc4 33. bxa5 Rxa4 34. Rxa4 bxa5 35. Rxa5 Qc7 36. Rxa8 Bxa8 37. Qb3 Qb6 38. Qa4 Bc7 39. Qxa8 Qxb5 40. Qa3 Bb6 41. Qb3 Qc6 42. Kf2 Bc7 43. Be2 Bd6 44. Qb5 Qc2 45. Qd3 Qc6 46. Qb3 Qc7 47. Bd1 Qc6 48. Bb4 Bc7 49. Bc5 Bd8 50. Be2 Ba5 51. Qb5 Qc7 52. Qe8 Bc3 53. Bf8+ Kh7 54. Be7 Bb2 55. Qxf7+ 1-0


[Site "https://www.chess.com"]

[Event "Titled Tuesday Blitz October 25 Late 2022"]
[White "Averjanov, Alexey"]
[Black "Miszler, Levente"]
[WhiteFideId "14109867"]
[BlackFideId "763276"]
[WhiteElo "2663"]
[BlackElo "2176"]
[Result "0-1"]
[Round "09"]
[TimeControl "180+1"]
[Date "2022.10.26"]
[WhiteClock "0:00:07"]
[BlackClock "0:00:12"]

1. d4 Nf6 2. c4 e6 3. Nf3 b6 4. g3 Bb7 5. Bg2 Be7 6. O-O O-O 7. b3 Ne4 8. Bb2 f5 9. Nc3 d6 10. d5 Nxc3 11. Bxc3 e5 12. Nxe5 dxe5 13. d6 Bxg2 14. dxe7 Qxe7 15. Kxg2 Nd7 16. Qd5+ Kh8 17. Rad1 Rad8 18. Qc6 Nf6 19. f3 e4 20. Rxd8 Rxd8 21. Bxf6 exf3+ 22. exf3 gxf6 23. Re1 Qd6 24. Qxd6 Rxd6 25. Re2 Kg8 26. f4 Kf7 27. Kf2 Rd7 28. Ke3 Kg6 29. Rd2 Re7+ 30. Kf3 Kf7 31. Rd8 Ke6 32. h3 Rd7 33. Rxd7 Kxd7 34. g4 Ke6 35. Kg3 Kf7 36. Kh4 Kg6 37. b4 c5 38. b5 fxg4 39. hxg4 f5 40. g5 h6 41. gxh6 Kxh6 42. a3 Kg6 43. Kg3 Kh5 44. Kh3 Kg6 45. Kh4 Kh6 0-1


[Site "https://www.chess.com"]

[Event "Titled Tuesday Blitz October 25 Late 2022"]
[White "Babazada, Khazar"]
[Black "Korobov, Anton"]
[WhiteFideId "13413554"]
[BlackFideId "14105730"]
[WhiteElo "2367"]
[BlackElo "2635"]
[Result "0-1"]
[Round "09"]
[TimeControl "180+1"]
[Date "2022.10.26"]
[WhiteClock "0:01:17"]
[BlackClock "0:00:47"]

1. e4 c5 2. Nf3 d6 3. d4 cxd4 4. Nxd4 Nf6 5. Nc3 a6 6. h3 e6 7. g4 Be7 8. g5 Nfd7 9. Be3 b5 10. a3 Bb7 11. h4 Nc6 12. Nxc6 Bxc6 13. Qd4 O-O 14. O-O-O Rb8 15. Ne2 e5 16. Qd3 Nc5 17. Bxc5 dxc5 18. Qe3 Qc7 19. Nc3 b4 20. Nd5 Bxd5 21. Rxd5 c4 22. axb4 Rxb4 23. Qc3 Rfb8 24. b3 Bc5 25. Bxc4 Bd4 26. Qd3 a5 27. f4 a4 28. fxe5 axb3 29. Bxb3 Rxb3 0-1


[Site "https://www.chess.com"]

[Event "Titled Tuesday Blitz October 25 Late 2022"]
[White "Baglan, Esat"]
[Black "Szpar, Milosz"]
[WhiteFideId "6309216"]
[BlackFideId "1184989"]
[WhiteElo "2231"]
[BlackElo "2422"]
[Result "1-0"]
[Round "09"]
[TimeControl "180+1"]
[Date "2022.10.26"]
[WhiteClock "0:00:21"]
[BlackClock "0:00:31"]

1. e4 c5 2. Nc3 e6 3. Nge2 Nc6 4. g3 d5 5. exd5 exd5 6. d4 Bg4 7. Bg2 cxd4 8. h3 Bh5 9. Nxd5 Nge7 10. Ndf4 Bxe2 11. Qxe2 g6 12. O-O Bg7 13. Bxc6+ bxc6 14. Re1 Bf6 15. b3 O-O 16. Ba3 Re8 17. Qc4 Nd5 18. Nd3 Qd7 19. Kg2 h6 20. Bb2 Nb6 21. Qc5 h5 22. h4 Rac8 23. a4 Qg4 24. Rxe8+ Rxe8 25. Qxc6 Re2 26. a5 Nd7 27. Nf4 Rd2 28. Re1 Ne5 29. Rxe5 Bxe5 30. Qe8+ Kh7 31. Qxe5 Qg5 32. hxg5 1-0


[Site "https://www.chess.com"]

[Event "Titled Tuesday Blitz October 25 Late 2022"]
[White "Ballester Llagaria, Luis Eduardo"]
[Black "Rios Escobar, Adan"]
[WhiteFideId "2297620"]
[BlackFideId "3403645"]
[WhiteElo "2344"]
[BlackElo "2377"]
[Result "1-0"]
[Round "09"]
[TimeControl "180+1"]
[Date "2022.10.26"]
[WhiteClock "0:00:27"]
[BlackClock "0:00:13"]

1. e4 c5 2. Nf3 d6 3. d4 cxd4 4. Nxd4 Nf6 5. Nc3 a6 6. h3 e5 7. Nde2 h5 8. Bg5 Nbd7 9. Nd5 Be7 10. Nxe7 Qxe7 11. Nc3 Qf8 12. Bc4 Nh7 13. Be3 Ndf6 14. Qd2 Qe7 15. O-O-O b5 16. Bd5 Rb8 17. Bc6+ Bd7 18. Bxd7+ Kxd7 19. f3 Rhc8 20. Kb1 Rc6 21. g4 Ke8 22. g5 Nd7 23. Nd5 Qe6 24. h4 Nhf8 25. f4 exf4 26. Nxf4 Qxe4 27. Rhe1 Ne6 28. Nxe6 fxe6 29. Ba7 Qf5 30. Bxb8 Nxb8 31. Qe2 Kd7 32. Qxh5 Rxc2 33. Ka1 Nc6 34. Qh8 Qf7 35. Qa8 Nb4 36. Qb7+ Rc7 37. Qb6 Qf4 38. Rf1 Nc2+ 39. Kb1 Qe5 40. Rf7+ Ke8 41. Qxc7 Na3+ 42. bxa3 Qe4+ 43. Qc2 Qxc2+ 44. Kxc2 Kxf7 45. Rxd6 e5 46. Rxa6 g6 47. Kd3 e4+ 48. Kxe4 b4 49. axb4 Ke7 50. Rf6 Kd7 51. Ke5 Kc7 52. Rxg6 Kb7 53. Rf6 Kc7 54. g6 Kd7 55. g7 Kc7 56. g8=Q Kd7 57. Qg7+ Kd8 58. h5 Ke8 59. h6 Kd8 60. h7 Ke8 61. h8=Q# 1-0


[Site "https://www.chess.com"]

[Event "Titled Tuesday Blitz October 25 Late 2022"]
[White "Bilan, Danila"]
[Black "Sabar, Ethmane Daouda"]
[WhiteFideId "24161918"]
[BlackFideId "19600097"]
[WhiteElo "2203"]
[BlackElo "1950"]
[Result "1-0"]
[Round "09"]
[TimeControl "180+1"]
[Date "2022.10.26"]
[WhiteClock "0:00:08"]
[BlackClock "0:00:13"]

1. d4 d5 2. Nf3 Nf6 3. c4 e6 4. Nc3 c6 5. Bg5 Be7 6. e3 O-O 7. Bd3 dxc4 8. Bxc4 b5 9. Bd3 a6 10. Rc1 Nbd7 11. O-O c5 12. Ne5 Bb7 13. Nxd7 Nxd7 14. Bxe7 Qxe7 15. Be4 Bxe4 16. Nxe4 cxd4 17. Qxd4 Rfd8 18. Rc7 e5 19. Qd5 Nf6 20. Qxa8 Qxc7 21. Nxf6+ gxf6 22. Qxa6 Kg7 23. Qxb5 Rb8 24. Qe2 Qa5 25. b3 Ra8 26. Ra1 Qc3 27. Qd1 Qb2 28. a4 Rb8 29. Rb1 Qc3 30. g3 f5 31. Qd5 Rb4 32. a5 Qc7 33. a6 Rb6 34. b4 Rxa6 35. b5 Rb6 36. Qd3 Kg6 37. g4 e4 38. Qd5 fxg4 39. Qxe4+ f5 40. Qe8+ Kg7 41. Rd1 Rd6 42. Qe5+ Kf7 43. Qxd6 Qc1 44. Rxc1 f4 45. Rc7+ 1-0


[Site "https://www.chess.com"]

[Event "Titled Tuesday Blitz October 25 Late 2022"]
[White "Boskovic, Drasko"]
[Black "Koellner, Ruben Gideon"]
[WhiteFideId "927368"]
[BlackFideId "12993093"]
[WhiteElo "2388"]
[BlackElo "2303"]
[Result "1-0"]
[Round "09"]
[TimeControl "180+1"]
[Date "2022.10.26"]
[WhiteClock "0:01:23"]
[BlackClock "0:00:02"]

1. d4 d6 2. e4 Nf6 3. Nc3 e5 4. Nf3 Nbd7 5. Bc4 Be7 6. O-O c6 7. a4 h6 8. Re1 Qc7 9. Ba2 Nf8 10. h3 g5 11. Nh2 Ng6 12. Be3 Kf8 13. Kh1 Bd7 14. d5 Qc8 15. dxc6 bxc6 16. f3 Nf4 17. Ne2 h5 18. Qd2 h4 19. Nxf4 gxf4 20. Bf2 Nh5 21. Ng4 Ng3+ 22. Bxg3 hxg3 23. Kg1 Rb8 24. c3 Bxg4 25. fxg4 f3 26. Red1 d5 27. b4 dxe4 28. Qe3 a5 29. Qxe4 f2+ 30. Kf1 Rh6 31. Qxe5 Qa6+ 32. b5 1-0


[Site "https://www.chess.com"]

[Event "Titled Tuesday Blitz October 25 Late 2022"]
[White "Broca Jimenez, Fernando"]
[Black "Halak, Miklos"]
[WhiteFideId "5104742"]
[BlackFideId "726400"]
[WhiteElo "2062"]
[BlackElo "2197"]
[Result "0-1"]
[Round "09"]
[TimeControl "180+1"]
[Date "2022.10.26"]
[WhiteClock "0:00:46"]
[BlackClock "0:00:59"]

1. e4 e5 2. Nf3 Nc6 3. Bb5 a6 4. Ba4 b5 5. Bb3 Na5 6. Bxf7+ Kxf7 7. Nxe5+ Ke7 8. O-O Qe8 9. d4 Kd8 10. Nc3 Nf6 11. Bg5 Be7 12. Re1 h6 13. Bh4 g5 14. Bg3 h5 15. f3 h4 16. Bf2 Bb7 17. Qd2 Rg8 18. b3 Kc8 19. Ne2 Nc6 20. Nd3 g4 21. Bxh4 gxf3 22. Ng3 Nxd4 23. Nf2 Ne2+ 24. Nxe2 fxe2 25. Rxe2 Qg6 26. Bg3 Nxe4 27. Nxe4 Bxe4 28. Rd1 Bc5+ 29. Kh1 Bc6 30. Qf4 Bd6 31. Qe3 Bxg3 32. hxg3 Qxg3 33. Qxg3 Rxg3 34. Kh2 Rg7 35. c4 b4 36. c5 Kb7 37. Rd4 a5 38. a3 bxa3 39. Ra2 Rh8+ 40. Kg1 Rhg8 41. b4 Rxg2+ 42. Rxg2 Rxg2+ 43. Kf1 a2 44. Rd1 axb4 0-1


[Site "https://www.chess.com"]

[Event "Titled Tuesday Blitz October 25 Late 2022"]
[White "Brown, Andrew"]
[Black "Souleidis, Georgios"]
[WhiteFideId "3206513"]
[BlackFideId "4206827"]
[WhiteElo "2245"]
[BlackElo "2401"]
[Result "1-0"]
[Round "09"]
[TimeControl "180+1"]
[Date "2022.10.26"]
[WhiteClock "0:00:05"]
[BlackClock "0:00:07"]

1. d4 Nf6 2. c4 g6 3. Nc3 Bg7 4. e4 d6 5. Nf3 O-O 6. Be2 e5 7. Be3 Ng4 8. Bg5 f6 9. Bh4 Nc6 10. d5 Ne7 11. h3 Nh6 12. O-O g5 13. Bg3 Ng6 14. Nh2 Nf4 15. Bg4 Nxg4 16. hxg4 Qe8 17. Re1 Qf7 18. Nf1 h5 19. Bxf4 exf4 20. gxh5 f5 21. exf5 Bxf5 22. g4 fxg3 23. Nxg3 Bh3 24. Nce4 Be5 25. Re3 Qf4 26. h6 Bg4 27. Qd3 Kh8 28. Kg2 Rf7 29. Rh1 Raf8 30. h7 Bf3+ 31. Rxf3 Qxf3+ 32. Qxf3 Rxf3 33. Rh6 Bxg3 34. fxg3 g4 35. Rg6 Re3 36. Nf6 Rxf6 37. Rxf6 Re2+ 38. Rf2 Re4 39. Rf7 Re2+ 40. Kf1 Rxb2 41. Rxc7 a5 42. c5 dxc5 43. d6 1-0


[Site "https://www.chess.com"]

[Event "Titled Tuesday Blitz October 25 Late 2022"]
[White "Buchenau, Frank"]
[Black "Ferriz Barrios, Andres"]
[WhiteFideId "4604350"]
[BlackFideId "5104467"]
[WhiteElo "2157"]
[BlackElo "2208"]
[Result "0-1"]
[Round "09"]
[TimeControl "180+1"]
[Date "2022.10.26"]
[WhiteClock "0:00:02"]
[BlackClock "0:00:17"]

1. e4 e6 2. d4 d5 3. Nc3 dxe4 4. Nxe4 Nd7 5. Nf3 Ngf6 6. Nxf6+ Nxf6 7. c3 b6 8. Ne5 Bd7 9. Bd3 c5 10. Nxd7 Qxd7 11. Qe2 O-O-O 12. Ba6+ Kb8 13. dxc5 Bxc5 14. O-O h5 15. Bg5 Bd6 16. Rad1 Ng4 17. Bxd8 Qxd8 18. h3 Qc7 19. Qc4 Bc5 20. hxg4 hxg4 21. Rfe1 g3 22. Rd2 gxf2+ 23. Rxf2 Qh2+ 24. Kf1 Qg3 25. Qf4+ Qxf4 26. Rxf4 Rh1+ 27. Ke2 Rh2 28. Rxf7 Rxg2+ 29. Kd3 Rg3+ 30. Kc2 Rg2+ 31. Re2 Rg6 32. b4 Bd6 33. Rd2 e5 34. Rd7 Bc7 35. Rh2 Rh6 36. Rxh6 gxh6 37. Rh7 Bd6 38. Rxh6 Kc7 39. Rh7+ Kc6 40. Kd3 b5 0-1


[Site "https://www.chess.com"]

[Event "Titled Tuesday Blitz October 25 Late 2022"]
[White "Burke, Paul"]
[Black "Thiel, Thomas"]
[WhiteFideId "2605767"]
[BlackFideId "4615964"]
[WhiteElo "1856"]
[BlackElo "2230"]
[Result "0-1"]
[Round "09"]
[TimeControl "180+1"]
[Date "2022.10.26"]
[WhiteClock "0:00:52"]
[BlackClock "0:01:29"]

1. e4 d5 2. exd5 Nf6 3. c4 c6 4. d4 cxd5 5. Nc3 Nc6 6. Nf3 Be6 7. c5 g6 8. Bb5 Bg7 9. O-O O-O 10. Bxc6 bxc6 11. b4 Ne4 12. Na4 a5 13. Nb6 Ra7 14. bxa5 Rxa5 15. Be3 Bg4 16. h3 Bxf3 17. Qxf3 e5 18. dxe5 Bxe5 19. Rad1 Rxa2 20. Qxe4 dxe4 21. Rxd8 Rxd8 22. g3 Rd3 23. Nc4 Bd4 24. Bxd4 Rxd4 25. Nd6 Rc2 26. Rb1 Rxc5 27. Rb8+ Kg7 28. Ne8+ Kh6 29. Nf6 Rf5 30. Ng4+ Kg7 0-1


[Site "https://www.chess.com"]

[Event "Titled Tuesday Blitz October 25 Late 2022"]
[White "Castellanos Gomez, Alejandro"]
[Black "Baskakov, Egor"]
[WhiteFideId "22284141"]
[BlackFideId "24197866"]
[WhiteElo "2168"]
[BlackElo "2211"]
[Result "0-1"]
[Round "09"]
[TimeControl "180+1"]
[Date "2022.10.26"]
[WhiteClock "0:00:01"]
[BlackClock "0:01:59"]

1. d4 Nf6 2. Bf4 e6 3. e3 d5 4. Nd2 Bd6 5. Bg3 O-O 6. Bd3 c5 7. c3 Nc6 8. Ngf3 Qe7 9. Ne5 Nd7 10. Nxc6 bxc6 11. Qh5 f5 12. Nf3 c4 13. Bc2 Rb8 14. Rb1 g6 15. Qh6 e5 16. Ba4 exd4 17. Nxd4 f4 18. Bh4 Qe4 19. O-O Ne5 20. Bc2 Nd3 21. Kh1 f3 22. Bg3 fxg2+ 23. Kg1 gxf1=Q+ 24. Rxf1 Bxg3 25. hxg3 Rxb2 0-1


[Site "https://www.chess.com"]

[Event "Titled Tuesday Blitz October 25 Late 2022"]
[White "Celestino, Rafael Teixeira"]
[Black "Jensen, Matthew R"]
[WhiteFideId "2108925"]
[BlackFideId "2018110"]
[WhiteElo "2411"]
[BlackElo "2307"]
[Result "1-0"]
[Round "09"]
[TimeControl "180+1"]
[Date "2022.10.26"]
[WhiteClock "0:01:15"]
[BlackClock "0:00:15"]

1. e4 c6 2. Nf3 d5 3. Nc3 dxe4 4. Nxe4 Nf6 5. Neg5 h6 6. Nxf7 Kxf7 7. Bc4+ e6 8. Ne5+ Kg8 9. Qe2 b5 10. Bb3 Bd6 11. Ng6 Qe8 12. Nxh8 Kxh8 13. d4 Na6 14. Qf3 Qe7 15. O-O Bb7 16. Qh3 Re8 17. Re1 Nc7 18. Bd2 c5 19. dxc5 Bxc5 20. Re2 Bd5 21. Rae1 Bxb3 22. axb3 Qf7 23. Qc3 Bd6 24. Qc6 Rd8 25. Ba5 Bxh2+ 26. Kxh2 Qh5+ 27. Kg1 Ng4 28. Bxc7 Rc8 29. Qd7 Rxc7 30. Qxc7 1-0


[Site "https://www.chess.com"]

[Event "Titled Tuesday Blitz October 25 Late 2022"]
[White "Chigaev, Maksim"]
[Black "Lawson, Eric"]
[WhiteFideId "4108116"]
[BlackFideId "2604116"]
[WhiteElo "2537"]
[BlackElo "2554"]
[Result "1-0"]
[Round "09"]
[TimeControl "180+1"]
[Date "2022.10.26"]
[WhiteClock "0:00:31"]
[BlackClock "0:00:08"]

1. Nf3 d5 2. c4 c6 3. g3 Nf6 4. Bg2 e6 5. O-O Nbd7 6. b3 Bd6 7. Bb2 Qe7 8. d3 O-O 9. Nbd2 e5 10. cxd5 cxd5 11. Nh4 Nb6 12. e4 d4 13. Nf5 Bxf5 14. exf5 Ba3 15. Bxa3 Qxa3 16. Bxb7 Rab8 17. Be4 Rfc8 18. h4 a5 19. g4 Nxe4 20. Nxe4 a4 21. g5 Nd5 22. Qf3 Nf4 23. bxa4 Qxd3 24. Qxd3 Nxd3 25. Rab1 Nb2 26. a5 Rc2 27. a6 Ra8 28. Rfc1 Rxc1+ 29. Rxc1 Kf8 30. f6 gxf6 31. gxf6 h6 32. Rc7 Na4 33. a7 Kg8 34. Rb7 Kh7 35. h5 Nc3 36. Rxf7+ Kg8 37. Rg7+ Kf8 38. Nc5 Rxa7 39. Ne6+ Ke8 40. Rxa7 Nd5 41. f7# 1-0


[Site "https://www.chess.com"]

[Event "Titled Tuesday Blitz October 25 Late 2022"]
[White "Curtis, John"]
[Black "Buscar, Michael"]
[WhiteFideId "3200256"]
[BlackFideId "2603616"]
[WhiteElo "2203"]
[BlackElo "2010"]
[Result "0-1"]
[Round "09"]
[TimeControl "180+1"]
[Date "2022.10.26"]
[WhiteClock "0:00:06"]
[BlackClock "0:00:11"]

1. e4 c5 2. Nf3 Nc6 3. Bb5 Nf6 4. Qe2 g6 5. O-O Bg7 6. c3 O-O 7. Re1 Ne8 8. h3 Nc7 9. Ba4 e5 10. d3 d6 11. Nbd2 b5 12. Bb3 Be6 13. Bc2 h6 14. Nf1 Kh7 15. Ne3 d5 16. a4 d4 17. axb5 Nxb5 18. Nd5 Nd6 19. Ba4 Ne7 20. Nxe7 Qxe7 21. cxd4 cxd4 22. Bd2 Rab8 23. b3 Bxb3 24. Bxb3 Rxb3 25. Ra2 Rfb8 26. Rea1 Rb1+ 27. Kh2 Rxa1 28. Rxa1 Rb2 29. Qd1 Qb7 30. Qc1 Rb6 31. Qa3 Nb5 32. Qa5 a6 33. h4 Rc6 34. g3 Qc8 35. Kg2 Nd6 36. Nxe5 Rc5 37. Qxc5 Qxc5 38. Nf3 Qc6 39. Bf4 Nb5 40. Be5 Nc3 41. Bxd4 Bxd4 42. Nxd4 Qd6 43. Nf3 Qxd3 44. Rxa6 Qxa6 45. e5 Qc6 46. e6 fxe6 47. h5 g5 48. g4 Ne2 0-1


[Site "https://www.chess.com"]

[Event "Titled Tuesday Blitz October 25 Late 2022"]
[White "Deac, Bogdan-Daniel"]
[Black "Naroditsky, Daniel"]
[WhiteFideId "1226380"]
[BlackFideId "2026961"]
[WhiteElo "3010"]
[BlackElo "3170"]
[Result "1/2-1/2"]
[Round "09"]
[TimeControl "180+1"]
[Date "2022.10.26"]
[WhiteClock "0:00:03"]
[BlackClock "0:00:02"]

1. d4 Nf6 2. c4 g6 3. Nf3 Bg7 4. e3 O-O 5. Be2 d6 6. O-O Nbd7 7. Nc3 e5 8. b4 Re8 9. h3 exd4 10. exd4 d5 11. Bg5 dxc4 12. Bxc4 Nb6 13. Bb3 h6 14. Bh4 g5 15. Bg3 Be6 16. Re1 Nbd5 17. Nxd5 Nxd5 18. b5 a6 19. bxa6 Rxa6 20. Rc1 c6 21. Ne5 Nf6 22. Bxe6 Rxe6 23. Qb3 Qb6 24. Qxb6 Rxb6 25. Rb1 Rxb1 26. Rxb1 Re7 27. Nc4 Nd5 28. Na5 Bxd4 29. Rxb7 Re1+ 30. Kh2 Re2 31. Nxc6 Bxf2 32. Bxf2 Rxf2 33. Ne7+ Nxe7 34. Rxe7 Rxa2 35. Rb7 Kg7 36. Kg1 Kg6 37. g4 Rc2 38. Rb6+ f6 39. Ra6 Rb2 40. Rc6 Ra2 41. Rb6 Rc2 42. Ra6 Rc4 43. Kg2 Rf4 44. Kg3 h5 45. Rb6 Rf1 46. Kg2 Rf4 47. Kg3 hxg4 48. hxg4 Ra4 49. Rc6 Rb4 50. Ra6 Rd4 51. Rb6 Kf7 52. Ra6 Ke7 53. Kf3 Rf4+ 54. Kg3 Rd4 55. Kf3 Rd6 56. Ra7+ Ke6 57. Ra5 Rb6 58. Kg3 Rb3+ 59. Kg2 Rd3 60. Kf2 Rd5 61. Ra6+ Ke5 62. Kf3 Rd3+ 63. Kf2 Rd6 64. Ra5+ Ke4 65. Kg3 Rd3+ 66. Kg2 Rd2+ 67. Kg3 Rd3+ 68. Kg2 Rd5 69. Ra6 Ke5 70. Kf3 Rb5 71. Rc6 Rb3+ 72. Kg2 Rb4 73. Kg3 Rb3+ 74. Kg2 Rd3 75. Ra6 Rd6 76. Ra5+ Ke4 77. Kg3 Rd3+ 1/2-1/2


[Site "https://www.chess.com"]

[Event "Titled Tuesday Blitz October 25 Late 2022"]
[White "Dilmukhametov, Artur"]
[Black "Barria Zuniga, Daniel"]
[WhiteFideId "24179922"]
[BlackFideId "3400816"]
[WhiteElo "2197"]
[BlackElo "2414"]
[Result "1/2-1/2"]
[Round "09"]
[TimeControl "180+1"]
[Date "2022.10.26"]
[WhiteClock "0:00:16"]
[BlackClock "0:00:19"]

1. e4 c5 2. Nf3 Nc6 3. c3 d5 4. exd5 Qxd5 5. d4 Nf6 6. Be2 cxd4 7. cxd4 e6 8. O-O Be7 9. Nc3 Qd6 10. Be3 O-O 11. Qb3 a6 12. Rfd1 b5 13. a3 Na5 14. Qa2 Bb7 15. Ne5 Rac8 16. Rac1 Nd5 17. Bf3 Nxc3 18. Rxc3 Rxc3 19. bxc3 Bxf3 20. gxf3 Rc8 21. a4 Nc4 22. Nxc4 bxc4 23. Rb1 Qc6 24. Kg2 h6 25. Qc2 Bd6 26. Qe4 Qxa4 27. d5 Qd7 28. dxe6 Qxe6 29. Qxe6 fxe6 30. Rb6 Be5 31. Bd2 Kf7 32. Rxa6 Rd8 33. Be3 Rd3 34. f4 Bf6 35. Bd4 Bxd4 36. cxd4 Kf6 37. Rc6 c3 38. d5 Rxd5 39. Rxc3 Kf5 40. Kg3 Rd4 41. Rc5+ Kf6 42. Ra5 Rd3+ 43. Kg2 Rd4 44. Kg3 Rd3+ 45. Kg2 Rd5 46. Ra7 g6 47. Kg3 Rd3+ 48. f3 Rd4 49. Rb7 Ra4 50. Rc7 Ra3 51. Rh7 h5 52. Rb7 Ra4 53. Rc7 g5 54. fxg5+ Kxg5 55. Rc5+ Kg6 56. Re5 Ra6 57. h4 Rb6 58. Rg5+ Kh6 59. Kf4 Rb4+ 60. Kg3 Rb6 61. Re5 Kg6 62. Kf4 Rb4+ 63. Re4 Rb6 64. Re5 Rb4+ 65. Kg3 Rb6 1/2-1/2


[Site "https://www.chess.com"]

[Event "Titled Tuesday Blitz October 25 Late 2022"]
[White "Fernandez De La Vara, Arnaldo"]
[Black "Malka, Samuel"]
[WhiteFideId "3518388"]
[BlackFideId "20643675"]
[WhiteElo "2387"]
[BlackElo "2452"]
[Result "1-0"]
[Round "09"]
[TimeControl "180+1"]
[Date "2022.10.26"]
[WhiteClock "0:00:42"]
[BlackClock "0:00:13"]

1. Nf3 c5 2. c4 Nc6 3. g3 e5 4. Bg2 g6 5. O-O Bg7 6. Nc3 d6 7. d3 Nge7 8. Ne1 Be6 9. Nc2 d5 10. cxd5 Nxd5 11. Ne3 Nde7 12. a3 O-O 13. Bd2 Rc8 14. b4 cxb4 15. axb4 Nxb4 16. Rxa7 b6 17. Qa4 Nbd5 18. Nc4 Nxc3 19. Bxc3 Nd5 20. Bxd5 Bxd5 21. Rd7 Bc6 22. Rxd8 Bxa4 23. Rxf8+ Bxf8 24. Bxe5 b5 25. Nb6 Rc2 26. e3 Bc5 27. Nd7 Ba7 28. Ra1 f6 29. Bxf6 Kf7 30. Bd4 Bxd4 31. exd4 Ke6 32. Nc5+ Kd5 33. Nxa4 bxa4 34. Rxa4 Rd2 35. Ra7 Rxd3 36. Rxh7 Ke6 37. Rg7 Kf6 38. Rd7 Ke6 39. Rd8 Ke7 40. Rd5 Ke6 41. Re5+ Kf6 42. Re4 Kf5 43. Rf4+ Ke6 44. h4 Rd2 45. Kg2 Rd3 46. Kh3 Rd2 47. Kg4 Rd3 48. Kg5 Ke7 49. Kxg6 Ke6 50. h5 Ra3 51. h6 Ra8 52. h7 1-0


[Site "https://www.chess.com"]